 Dungeon Crawl Stone Soup version 0.19-a0-1670-gc28a5d9 (webtiles) character file.

33 AlphabetPasta the Charmwright (level 3, -1/16 HPs)
             Began as a Felid Skald on Sept 21, 2016.
             Slain by a worm (5 damage)
             ... on level 2 of the Dungeon.
             The game lasted 00:05:23 (1169 turns).

AlphabetPasta the Charmwright (Felid Skald)         Turns: 1169, Time: 00:05:23

Health: -1/16      AC:  1    Str:  9    XL:     3   Next: 12%
Magic:  4/7        EV: 18    Int: 13    God:
Gold:   53         SH:  0    Dex: 15    Spells: 3 memorised, 1 level left
                                        Lives:  0   Deaths: 0

rFire  . . .     SeeInvis +       - Unarmed
rCold  . . .     Gourm    .     (armour unavailable)
rNeg   . . .     Faith    .     (shield unavailable)
rPois  .         Spirit   .     (helmet unavailable)
rElec  .         Dismiss  .     (cloak unavailable)
rCorr  .         Reflect  .     (gloves unavailable)
MR     .....     Harm     .     (boots unavailable)
Stlth  ++........               (no amulet)
                                (no ring)
                                (no ring)

@: infused, quick
A: no armour, no weapons or thrown items, claws 1, fangs 3, see invisible,
carnivore 3, speed 1, shaggy fur 1, slow metabolism 1, sharp paws
a: no special abilities


You were on level 2 of the Dungeon.
You were completely stuffed.

You visited 1 branch of the dungeon, and saw 2 of its levels.

You collected 53 gold pieces.

Inventory:

Jewellery
 c - a +2 ring of protection {unknown}
Potions
 i - a potion of agility
 j - a potion of heal wounds {unknown}
Books
 a - a book of Battle

   Spells                             Type                      Level
   a - Infusion                       Charms                       1
   b - Shroud of Golubria             Charms/Translocation         2
   c - Song of Slaying                Charms                       2
   d - Spectral Weapon                Hexes/Charms                 3
   e - Regeneration                   Charms/Necromancy            3
Comestibles
 b - a meat ration
 k - a beef jerky


   Skills:
 * Level 2.4 Fighting
 + Level 2.7 Dodging
 + Level 0.8 Stealth
 * Level 2.4 Unarmed Combat
 + Level 2.2 Spellcasting
 + Level 3.8 Charms
 + Level 0.4 Translocations


You had one spell level left.
You knew the following spells:

 Your Spells              Type           Power        Failure   Level  Hunger
a - Infusion              Chrm           ##..         8%          1    ##.....
b - Song of Slaying       Chrm           ##......     10%         2    ###....
c - Shroud of Golubria    Chrm/Tloc      #.........   17%         2    ###....


Dungeon Overview and Level Annotations

Branches:
Dungeon (2/15)

Altars:
Xom


Innate Abilities, Weirdness & Mutations

You cannot wear armour.
You are incapable of wielding weapons or throwing items.
You have sharp claws.
You have razor-sharp teeth.
You have supernaturally acute eyesight. (SInv)
You are carnivorous and can eat meat at any time.
You cover ground quickly.
You are covered in fur. (AC +1)
You have a slow metabolism.
Your sharp claws are effective at attacking unaware monsters.


Message History

Your magical infusion is running out.
You start resting.
You are no longer magically infusing your attacks.
You start resting.
Magic restored.
The worm bites you.
You scratch the worm.
The worm is lightly wounded.
Casting: Infusion
Confirm with . or Enter, or press ? or * to list all spells.
You begin infusing your attacks with magical energy.
The worm bites you!
Ouch! That really hurt!
* * * LOW HITPOINT WARNING * * *
You scratch the worm!
The worm is heavily wounded.
You scratch the worm. You bite the worm.
The worm is severely wounded.
The worm bites you.
You die...

..#.#.#.##...###+# ...#
... #.#..).......# ....#
....#...........# ....#
....#...........###...#
...##.................+
...#..................##
####...................#
.# #.........###......#
.# #....#.......@..####
.# #....########w###
.###........ ...
....#....... .....
....#..............#
....#.###...........
....#.# ............
....#.# .....#+#...#
......#


You could see a worm.

Vanquished Creatures
  An adder (D:2)
  A dart slug (D:1)
  3 goblins
  5 hobgoblins
  3 bats (D:1)
  3 frilled lizards (D:1)
  3 kobolds (D:1)
  3 rats (D:1)
22 creatures vanquished.

Notes
Turn   | Place    | Note
-------+----------+-------------------------------------------
     0 | D:1      | AlphabetPasta the Felid Skald began the quest for the Orb.
     0 | D:1      | Reached XP level 1. HP: 9/9 MP: 4/4
    70 | D:1      | Found a shimmering altar of Xom.
   121 | D:1      | Reached XP level 2. HP: 13/13 MP: 6/6
   859 | D:2      | Learned a level 1 spell: Infusion
   862 | D:2      | Learned a level 2 spell: Song of Slaying
   865 | D:2      | Learned a level 2 spell: Shroud of Golubria
   881 | D:2      | Reached XP level 3. HP: 6/16 MP: 2/7
  1169 | D:2      | Slain by a worm

Vault maps used:
D:1:      dpeg_arrival_boxes_within_box, xom_teletrap_fun
D:2:      uniq_crazy_yiuf_cottage

Action                   || total
-------------------------++-------
Melee: Unarmed           ||    48
       Bite              ||     5
 Cast: Infusion          ||     7
       Shroud of Golubri ||     1
  Use: Scroll            ||     5
 Stab: Sleeping          ||     4
  Eat: Chunk             ||     8
Armor: Skin              ||     1
Dodge: Dodged            ||    26
